 Dungeon Crawl Stone Soup version 0.20.1-1-g8b1a95d (webtiles) character file.

251204 Jazqa the Slayer (level 19, -2/190 HPs)
             Began as a Hill Orc Monk on Oct 31, 2017.
             Was the Champion of Beogh.
             Slain by an ironheart preserver
             ... wielding a +0 dire flail
              (26 damage)
             ... on level 2 of the Vaults on Nov 1, 2017.
             The game lasted 02:00:22 (52713 turns).

Jazqa the Slayer (Hill Orc Monk)                   Turns: 52713, Time: 02:00:23

Health: -2/190     AC: 35    Str: 20    XL:     19   Next: 65%
Magic:  37/37      EV:  7    Int: 10    God:    Beogh [******]
Gold:   3604       SH: 14    Dex: 17    Spells: 18/18 levels left

rFire    + + +     SeeInvis +   o - +0 demon whip of Turmoil {venom, rN+ MR+ Str-2 SInv}
rCold    + . .     Gourm    .   v - +0 shield
rNeg     + . .     Faith    +   l - +0 gold dragon scales
rPois    +         Spirit   .   z - +0 Maxwell's etheric cage {RegenMP+ *Contam rElec MP+4}
rElec    +         Reflect  .   g - +2 cloak {+Inv}
rCorr    .         Harm     .   y - +2 pair of gloves
MR       ++...                  H - +2 pair of boots
Stlth    ..........             i - amulet "Ufueh" {Faith Str+2}
Regen    0.5/turn               F - ring of protection from fire
MPRegen  0.3/turn               j - ring of Ugruipn {Wiz rF+ Str+2}

@: marked, slowed, very slow
A: walk on water
}: 2/15 runes: barnacled, gossamer
a: Smiting, Recall Orcish Followers, Give Item to Named Follower, Resurrection,
Renounce Religion, Evoke Invisibility


You were on level 2 of the Vaults.
You worshipped Beogh.
Beogh was exalted by your worship.
You were not hungry.

You visited 6 branches of the dungeon, and saw 33 of its levels.
You visited 1 bazaar.
You also visited: Sewer.

You collected 4449 gold pieces.
You spent 845 gold pieces at shops.


   Skills:
 + Level 21.6 Fighting
 - Level 12.0 Maces & Flails
 + Level 18.7 Armour
 - Level 5.0 Dodging
 - Level 1.5 Stealth
 + Level 14.0 Shields
 + Level 20.4 Invocations


You had 18 spell levels left.
You didn't know any spells.

Inventory:

Hand Weapons
 o - the +0 demon whip of Turmoil (weapon) {venom, rN+ MR+ Str-2 SInv}
   (You found it on level 6 of the Lair of Beasts)

   It poisons the flesh of those it strikes.
   It affects your strength (-2).
   It protects you from negative energy.
   It affects your resistance to hostile enchantments.
   It lets you see invisible.
Armour
 g - a +2 cloak of invisibility (worn)
 l - +0 gold dragon scales (worn)
 v - a +0 shield (worn)
 y - a +2 pair of gloves (worn)
 z - the +0 Maxwell's etheric cage (worn) {RegenMP+ *Contam rElec MP+4}
   (You found it on level 6 of the Lair of Beasts)

   It insulates you from electricity.
   It affects your magic capacity (+4).
   It causes magical contamination when unequipped.
 H - a +2 pair of boots (worn)
Jewellery
 i - the amulet "Ufueh" (around neck) {Faith Str+2}
   (You found it on level 4 of the Lair of Beasts)

   [amulet of faith]

   It allows you to gain divine favour quickly.
   It affects your strength (+2).
 j - the ring of Ugruipn (right hand) {Wiz rF+ Str+2}
   (You bought it in a shop in a bazaar)

   [ring of wizardry]

   It improves your spell success rate.
   It affects your strength (+2).
   It protects you from fire.
 F - a ring of protection from fire (left hand)
Wands
 n - a wand of iceblast (8/15)
 V - a wand of digging (20/24)
Scrolls
 b - 3 scrolls of immolation {!r}
 d - 2 scrolls of fear
 h - 8 scrolls of teleportation {@r4}
 r - 12 scrolls of remove curse {@r2}
 t - 3 scrolls of magic mapping
 u - 2 scrolls of enchant weapon
 A - 8 scrolls of identify {@r1}
 B - 2 scrolls of recharging
 K - a scroll of enchant armour {unknown}
 M - 2 scrolls of fog
 R - a scroll of holy word
 S - 4 scrolls of amnesia
Potions
 a - a potion of haste {@q3}
 p - 5 potions of flight
 q - 5 potions of magic
 s - a potion of invisibility
 w - a potion of resistance
 x - a potion of mutation {!q}
 C - a potion of cancellation
 E - a potion of might
 I - 7 potions of ambrosia
 N - 4 potions of brilliance
 Q - 7 potions of lignification {!q}
Books
 J - a Fen Folio

   Spells                             Type                      Level
   a - Corpse Rot                     Necromancy                   2
   b - Stone Arrow                    Conjuration/Earth            3
   c - Leda's Liquefaction            Hexes/Earth                  4
   d - Summon Forest                  Summoning/Translocation      5
   e - Hydra Form                     Transmutation                6
   f - Summon Hydra                   Summoning                    7
 L - the Handbook of Earthen Self-Improvement
   (You found it on level 4 of the Shoals)

   Spells                             Type                      Level
   a - Sandblast                      Earth                        1
   b - Regeneration                   Charms/Necromancy            3
   c - Leda's Liquefaction            Hexes/Earth                  4
   d - Iron Shot                      Conjuration/Earth            6
   e - Statue Form                    Transmutation/Earth          6
 P - a book of Beasts

   Spells                             Type                      Level
   a - Summon Butterflies             Summoning                    1
   b - Call Canine Familiar           Summoning                    3
   c - Summon Ice Beast               Ice/Summoning                4
   d - Summon Mana Viper              Hexes/Summoning              5
   e - Summon Hydra                   Summoning                    7
Miscellaneous
 e - 2 boxes of beasts
 D - a sack of spiders
Comestibles
 c - 17 bread rations {@e1}
 f - 26 fruits {@e2}
 m - 12 meat rations {@e1}
 G - 2 royal jellies {@e3}
 O - 21 chunks of flesh

Dungeon Overview and Level Annotations

Branches:
Dungeon (15/15)            Temple (0/1) D:6            Lair (6/6) D:9
 Shoals (4/4) Lair:4       Spider (4/4) Lair:4        Slime (0/5) Lair:5
    Orc (2/2) D:12            Elf (0/3) Orc:2        Vaults (2/5) D:13
  Crypt (0/3) Vaults:2     Depths (0/5) D:15

Altars:
Dithmenos
Gozag
Hepliaklqana
Makhleb
The Shining One
Jiyva

Shops:
Orc:2 :![(

Annotations:
Lair:4 exclusion: oklob plant

▒........>....▒
▒
▒.............▒
▒
▒.............▒
▒
▒▒▒'▒▒▒▒▒▒▒▒▒▒▒
▒▒▒▒▒▒..▒▒▒▒▒▒
▒(...▒..▒....▒
▒
▒..p)▒..((.o.▒
▒ ▒p▒▒▒▒'▒..▒ ▒
▒o@..()▒o.▒ ▒
▒po....▒o▒▒▒ ▒
▒W.....▒o..▒ ▒
▒...o..▒...▒ ▒
▒......▒▒▒▒▒ ▒
▒.....p'. ▒
▒'▒▒▒▒▒▒.. ▒
..+ e. ▒ ▒


You could see 2 ironheart preservers, a flayed ghost, a vault sentinel, an
ironbrand convoker (fleeing), a deep elf mage, a friendly orc knight, a friendly
orc warrior and a friendly orc.


Message History

You feel better.
The ironheart preserver seems to regain its courage.
The ironheart preserver howls in fear.
The ironheart preserver gestures wildly while chanting.
The ironheart preserver is healed somewhat.
The flayed ghost stares at you with tortured malice.
The vault sentinel blows a loud note on a signal horn!
Your orc barely misses the ironheart preserver.
The flayed ghost misses your orc warrior.
The ironheart preserver mumbles some strange words.
The ironheart preserver is healed somewhat.
Your orc warrior hits the ironheart preserver with a hand axe of electrocution!
Your orc warrior completely misses the flayed ghost.
You whack the ironheart preserver!
The ironheart preserver is heavily wounded.
The vault sentinel hits you but does no damage.
Your orc barely misses the ironheart preserver.
The flayed ghost closely misses your orc warrior.
The ironheart preserver mumbles some strange words.
The ironheart preserver is healed somewhat.
You hit the ironheart preserver but do no damage.
The ironheart preserver is heavily wounded.
Your orc warrior hits the ironheart preserver with a hand axe of electrocution!
Your orc warrior hits the flayed ghost with a hand axe of electrocution!
Your orc knight hits the ironbrand convoker from afar with a glaive!
The vault sentinel casts a spell at you.
The mark upon you grows brighter.
Your orc barely misses the ironheart preserver.
The ironheart preserver hits you with a dire flail!!
You die...

Skill      XL: |  1  2  3  4  5  6  7  8  9 10 11 12 13 14 15 16 17 18 19 |
---------------+----------------------------------------------------------+-----
Fighting       | 4 5 6 7 8 10 11 12 14 15 17 18 19 20 21 | 21.6
Maces & Flails | 4 5 6 7 8 10 11 12 | 12.0
Invocations    | 3 6 9 11 12 14 16 17 18 19 20 | 20.4
Dodging        | 3 5 |  5.0
Armour         | 1 7 10 12 13 15 16 17 18 | 18.7
Shields        | 4 10 12 14 | 14.0
Stealth        | |  1.5

Action                   |  1- 3 |  4- 6 |  7- 9 | 10-12 | 13-15 | 16-18 | 19-21 || total
-------------------------+-------+-------+-------+-------+-------+-------+-------++-------
Melee: Mace              |    50 |       |       |       |       |       |       ||    50
       Whip              |    50 |   104 |   466 |   856 |  1886 |   161 |       ||  3523
       Demon whip        |       |       |       |       |       |  2567 |   464 ||  3031
Invok: Convert to Beogh  |       |       |     1 |       |       |       |       ||     1
       Smiting           |       |       |       |     9 |    18 |    25 |     1 ||    53
       Recall Orcish Fol |       |       |       |       |     1 |     4 |       ||     5
       Give Item to Name |       |       |       |       |     1 |     2 |     2 ||     5
Evoke: Wand              |       |       |       |       |     1 |       |       ||     1
  Use: Potion            |       |     3 |     3 |     6 |     9 |    10 |     5 ||    36
       Scroll            |       |       |    10 |    12 |    14 |    12 |     2 ||    50
 Stab: Sleeping          |     8 |       |     8 |     2 |       |       |       ||    18
       Distracted        |       |       |       |     1 |     9 |    20 |     6 ||    36
       Petrified         |       |       |       |       |     2 |       |       ||     2
       Paralysed         |       |       |       |       |       |     6 |       ||     6
  Eat: Chunk             |       |     4 |    13 |    24 |    47 |    28 |     5 ||   121
       Royal jelly       |       |       |     1 |     1 |     3 |     6 |       ||    11
       Meat ration       |       |       |       |       |       |     4 |     1 ||     5
       Fruit             |       |       |       |       |       |     3 |       ||     3
Armor: Robe              |     4 |       |       |       |       |       |       ||     4
       Leather armour    |    18 |    18 |    41 |    19 |       |       |       ||    96
       Chain mail        |       |       |       |   107 |       |       |       ||   107
       Gold dragon scale |       |       |       |    62 |  1053 |  1796 |   155 ||  3066
Dodge: Dodged            |    47 |    62 |   211 |   283 |   573 |   772 |    63 ||  2011
Block: Buckler           |       |       |       |    86 |   418 |   185 |       ||   689
       Shield            |       |       |       |       |       |  1036 |   217 ||  1253

Vault maps used:
D:1:      lemuel_arrival_lava_pool
D:3:      serial_undead, serial_undead_f, serial_undead_a, serial_undead_f,
          serial_undead_b, serial_undead_b, serial_undead_a,
          makhleb_altar_promises_db, uniq_jessica, uniq_natasha, uniq_grinder
D:4:      gup_sewer_entry_spiral, minmay_misc_feat_hallway
D:5:      first_bread, sword_in_stone
D:6:      minmay_temple_entry_mist, basic_altar
D:7:      grunt_tough_drop, uniq_pikel, uniq_joseph
D:8:      the_bakery
D:9:      minmay_curly_fans, david_lair_shrubbed, tso_metal_star,
          uniq_prince_ribbit1
D:10:     uniq_snorg, uniq_erica
D:11:     bh_hangedman_babel_library
D:12:     david_orc_3
D:13:     david_vaults_2, nicolae_dithmenos_through_a_glass_darkly
D:15:     grunt_enter_depths_hoard,
          nicolae_gozag_cash_rules_everything_around_me
Lair:2:   grunt_megastairs_1, lemuel_fruit_tree
Lair:3:   infiniplex_staircase_pool
Lair:4:   minmay_lair_oklob_tunnel, minmay_shoals_entry_lonely_mermaid,
          nicolae_spider_entry_orb_guardian
Lair:5:   dpeg_slime_entry_enclosed_altar, minivault_27
Lair:6:   hangedman_lair_caniforms_friends, hangedman_lair_in_review
Shoals:3: serial_shops, bzr_entry_safe, uniq_ilsuiw
Shoals:4: shoals_end_simple, shoals_ilsuiw_ice
Spider:2: uniq_agnes, uniq_aizul, uniq_azrael
Spider:3: nicolae_spider_webs_and_nodes, uniq_asterion
Spider:4: grunt_spider_rune_parallel, spider_trap, einodemon_crawler_minivault
Orc:1:    uniq_maurice
Orc:2:    st_orc_open, nicolae_orc_stony_grotto
Vaults:1: vaults_dpeg_hooks, nicolae_vaults_little_squares_4,
          hangedman_vaults_maws
Vaults:2: minmay_crypt_entry_simple_corners, ontoclasm_vaults_pinch, v_misc_14,
          vaults_room_corners, hangedman_vaults_maws, vaults_room_door_hall,
          nicolae_vaults_fighting_squares, nicolae_vaults_rhombus_7,
          hangedman_vaults_slice, nicolae_vaults_network_periphery,
          vaults_mumra_minichess_inversion, nicolae_vaults_angled_halls,
          ontoclasm_vaults_idyll, nicolae_vaults_rhombus_6,
          grunt_vaults_diagonal
Bazaar:   bazaar_long_row
Sewer:    sewer_co_scattered_pipes

Notes
Turn   | Place    | Note
-------+----------+-------------------------------------------
     0 | D:1      | Jazqa the Hill Orc Monk began the quest for the Orb.
     0 | D:1      | Reached XP level 1. HP: 19/19 MP: 1/1
   237 | D:1      | Reached XP level 2. HP: 27/27 MP: 2/2
   342 | D:1      | Reached skill level 4 in Fighting
   697 | D:1      | Reached XP level 3. HP: 33/33 MP: 3/3
   714 | D:2      | Reached skill level 4 in Maces & Flails
  1012 | D:2      | Reached XP level 4. HP: 41/41 MP: 4/4
  1097 | D:2      | Reached skill level 5 in Fighting
  1737 | D:3      | Reached XP level 5. HP: 41/48 MP: 5/5
  1972 | D:3      | Found a burning altar of Makhleb.
  1972 | D:3      | Noticed a cacodemon
  1990 | D:3      | Noticed Jessica
  1998 | D:3      | Reached skill level 6 in Fighting
  1998 | D:3      | Reached skill level 5 in Maces & Flails
  2019 | D:3      | Noticed an orange demon
  2019 | D:3      | Noticed a neqoxec
  2057 | D:3      | Noticed Irenicus's ghost (amateur DDMo)
  2060 | D:3      | Killed Jessica
  2078 | D:3      | Killed Irenicus's ghost
  2078 | D:3      | Reached XP level 6. HP: 46/58 MP: 6/6
  2107 | D:3      | Noticed Grinder
  2130 | D:3      | Killed Grinder
  2130 | D:3      | Reached skill level 7 in Fighting
  2130 | D:3      | Reached skill level 6 in Maces & Flails
  2130 | D:3      | Reached XP level 7. HP: 41/66 MP: 7/7
  2360 | D:3      | Noticed Natasha
  2367 | D:3      | Killed Natasha
  2485 | D:3      | Noticed Natasha
  2493 | D:3      | Killed Natasha
  2634 | D:3      | Noticed Natasha
  2642 | D:3      | Killed Natasha
  2685 | D:4      | Reached skill level 8 in Fighting
  2839 | D:4      | Reached skill level 7 in Maces & Flails
  2849 | D:4      | Found a glowing drain.
  2853 | Sewer    | Entered a sewer
  3609 | D:4      | Reached XP level 8. HP: 71/75 MP: 6/8
  3683 | D:4      | Noticed keltmir's ghost (novice DrTm)
  3736 | D:4      | Killed keltmir's ghost
  3736 | D:4      | Reached skill level 9 in Fighting
  3736 | D:4      | Reached skill level 8 in Maces & Flails
  3988 | D:4      | Became a worshipper of Beogh the Brigand
  3988 | D:4      | Reached * piety under Beogh
  3988 | D:4      | Reached ** piety under Beogh
  4507 | D:4      | Reached skill level 1 in Invocations
  4531 | D:5      | Entered Level 5 of the Dungeon
  4589 | D:5      | Reached skill level 2 in Invocations
  4636 | D:5      | Reached skill level 10 in Fighting
  4636 | D:5      | Reached skill level 3 in Invocations
  4636 | D:5      | Reached XP level 9. HP: 64/85 MP: 7/11
  4777 | D:5      | Reached skill level 9 in Maces & Flails
  4880 | D:5      | Noticed Eustachio
  4923 | D:5      | Reached skill level 4 in Invocations
  4944 | D:5      | Killed Eustachio
  5559 | D:6      | Found a staircase to the Ecumenical Temple.
  5650 | D:6      | Found a hazy altar of Hepliaklqana.
  5752 | D:6      | Reached skill level 5 in Invocations
  5963 | D:6      | Reached *** piety under Beogh
  6168 | D:7      | Noticed Joseph
  6185 | D:7      | Killed Joseph
  6185 | D:7      | Reached skill level 11 in Fighting
  6185 | D:7      | Reached skill level 10 in Maces & Flails
  6185 | D:7      | Reached skill level 6 in Invocations
  6524 | D:7      | Reached XP level 10. HP: 92/96 MP: 14/14
  6666 | D:7      | Noticed Pikel
  6676 | D:7      | Killed Pikel
  6676 | D:7      | Reached skill level 7 in Invocations
  7384 | D:8      | Reached skill level 8 in Invocations
  7581 | D:8      | Reached skill level 12 in Fighting
  7704 | D:8      | Reached skill level 11 in Maces & Flails
  7924 | D:8      | Reached **** piety under Beogh
  7938 | D:8      | Reached skill level 9 in Invocations
  8816 | D:7      | Reached skill level 3 in Dodging
  8962 | D:8      | Reached skill level 1 in Armour
  8975 | D:8      | Reached XP level 11. HP: 88/104 MP: 15/18
  9036 | D:9      | Reached skill level 2 in Armour
  9040 | D:9      | Found a glowing golden altar of the Shining One.
  9054 | D:9      | Found a staircase to the Lair.
  9054 | D:9      | Noticed Prince Ribbit
  9062 | D:9      | Killed Prince Ribbit
  9062 | D:9      | Reached skill level 10 in Invocations
  9186 | Lair:1   | Entered Level 1 of the Lair of Beasts
  9212 | Lair:1   | Reached skill level 3 in Armour
  9340 | Lair:1   | Reached skill level 12 in Maces & Flails
  9519 | Lair:1   | Reached skill level 4 in Armour
  9619 | Lair:1   | Reached skill level 1 in Shields
 10263 | Lair:2   | Reached skill level 2 in Shields
 10286 | Lair:2   | Reached skill level 5 in Armour
 10562 | Lair:2   | Reached skill level 3 in Shields
 10697 | Lair:2   | Noticed a seven-headed hydra
 10704 | Lair:2   | Killed a seven-headed hydra
 10735 | Lair:2   | Reached skill level 4 in Shields
 10751 | Lair:2   | Reached skill level 6 in Armour
 10783 | Lair:2   | Noticed an eight-headed hydra
 10787 | Lair:2   | Killed an eight-headed hydra
 11519 | Lair:3   | Reached skill level 7 in Armour
 11551 | Lair:3   | Reached skill level 11 in Invocations
 11592 | Lair:3   | Reached XP level 12. HP: 82/113 MP: 16/20
 11894 | Lair:3   | Identified a potion of resistance
 12204 | Lair:3   | Noticed a catoblepas
 12209 | Lair:3   | Killed a catoblepas
 12282 | Lair:3   | Reached skill level 8 in Armour
 12621 | Lair:3   | Noticed a five-headed hydra
 12634 | Lair:3   | Killed a five-headed hydra
 12634 | Lair:3   | Reached skill level 13 in Fighting
 13139 | Lair:3   | Reached skill level 12 in Invocations
 13417 | Lair:4   | Reached skill level 9 in Armour
 13774 | Lair:4   | Found a hole to the Spider Nest.
 14236 | Lair:4   | Got a shimmering graven amulet
 14238 | Lair:4   | Identified the amulet "Ufueh" {Faith Str+2} (You found it on level 4 of the Lair of Beasts)
 14621 | Lair:4   | Reached skill level 14 in Fighting
 14631 | Lair:4   | Reached skill level 10 in Armour
 14671 | Lair:4   | Reached XP level 13. HP: 48/125 MP: 22/22
 14974 | Lair:4   | Found a staircase to the Shoals.
 15822 | Lair:5   | Found a viscous altar of Jiyva.
 15822 | Lair:5   | Found a staircase to the Slime Pits.
 15982 | Lair:5   | Reached skill level 11 in Armour
 16018 | Lair:5   | Reached skill level 15 in Fighting
 16021 | Lair:5   | HP: 10/126 [death yak (19)]
 16022 | Lair:5   | HP: 2/126 [death yak (8)]
 16058 | Lair:5   | Reached skill level 4 in Dodging
 16669 | Lair:6   | Entered Level 6 of the Lair of Beasts
 18253 | Lair:6   | Reached skill level 5 in Dodging
 18613 | Lair:6   | Reached skill level 12 in Armour
 18951 | Lair:6   | Reached XP level 14. HP: 132/136 MP: 23/23
 19329 | Lair:6   | Reached skill level 13 in Invocations
 19352 | Lair:6   | Reached skill level 16 in Fighting
 20226 | Lair:6   | Reached ***** piety under Beogh
 21095 | D:9      | Reached skill level 13 in Armour
 21872 | D:10     | Entered Level 10 of the Dungeon
 22083 | D:10     | Noticed Snorg
 22107 | D:10     | Killed Snorg
 22158 | D:10     | Noticed Erica
 22178 | D:10     | Killed Erica
 22463 | D:10     | Reached skill level 14 in Invocations
 23104 | D:11     | Reached ****** piety under Beogh
 23357 | D:11     | Identified the Almanac of Sand
 23611 | D:11     | Identified the Incunabulum of Dhcmrlchtdj
 23618 | D:11     | Identified Sif Muna's Almanac of Combed Thunderclap
 24111 | D:12     | Found a staircase to the Orcish Mines.
 24121 | D:12     | Reached skill level 17 in Fighting
 24195 | D:12     | Gained Murdo as an ally
 24633 | Orc:1    | Entered Level 1 of the Orcish Mines
 24640 | Orc:1    | Noticed Maurice
 24655 | Orc:1    | Killed Maurice
 24773 | Orc:1    | Noticed rrRat's ghost (journeyman TrFi)
 24785 | Orc:1    | Killed rrRat's ghost
 25124 | Orc:2    | Entered Level 2 of the Orcish Mines
 25129 | Orc:2    | Gained Orbeogh as an ally
 25129 | Orc:2    | Reached XP level 15. HP: 147/147 MP: 25/25
 25159 | Orc:2    | Found a staircase to the Elven Halls.
 25355 | Orc:2    | Gained Boderik as an ally
 25392 | Orc:2    | Reached skill level 14 in Armour
 25392 | Orc:2    | Gained Orgrim as an ally
 25398 | Orc:2    | Reached skill level 15 in Invocations
 25401 | Orc:2    | Your ally Boderik died
 25412 | Orc:2    | Gained Warrok as an ally
 25420 | Orc:2    | Gained Gorg as an ally
 25421 | Orc:2    | Your ally Orgrim died
 25439 | Orc:2    | Gained Oruk as an ally
 25756 | Orc:2    | Found Bohu's Armour Boutique.
 25861 | Orc:2    | Found Lamoqie's Book Shop.
 25863 | Orc:2    | Found Vocvi's Antique Weapon Shoppe.
 25871 | Orc:2    | Found Coragum's Distillery.
 25880 | Orc:2    | Bought a potion of heal wounds for 75 gold pieces
 25880 | Orc:2    | Bought 2 potions of cancellation for 240 gold pieces
 26237 | D:13     | Found a gate to the Vaults.
 26389 | D:13     | Found a shadowy altar of Dithmenos.
 26519 | D:13     | Gained Marbork as an ally
 27773 | D:15     | Entered Level 15 of the Dungeon
 27989 | D:15     | Reached skill level 18 in Fighting
 28119 | D:15     | Found a staircase to the Depths.
 28583 | D:15     | Reached skill level 16 in Invocations
 29343 | D:15     | Found an opulent altar of Gozag.
 29771 | Spider:1 | Entered Level 1 of the Spider Nest
 30218 | Spider:1 | Reached skill level 15 in Armour
 30244 | Spider:1 | Reached XP level 16. HP: 145/159 MP: 28/28
 31222 | Lair:6   | Got a transparent demon whip
 31224 | Lair:6   | Identified the cursed +0 demon whip of Turmoil {venom, rN+ MR+ Str-2 SInv} (You found it on level 6 of the Lair of Beasts)
 32852 | Spider:2 | Noticed Azrael
 32858 | Spider:2 | Gained Nordag as an ally
 32859 | Spider:2 | Noticed Aizul
 32860 | Spider:2 | Your ally Orbeogh died
 32861 | Spider:2 | Gained Judas as an ally
 32861 | Spider:2 | Reached skill level 17 in Invocations
 32862 | Spider:2 | Your ally Oruk died
 32865 | Spider:2 | Gained Wardok as an ally
 32865 | Spider:2 | Your ally Gorg died
 32867 | Spider:2 | Your ally Murdo died
 32868 | Spider:2 | Killed Azrael
 32870 | Spider:2 | Your ally Wardok died
 32876 | Spider:2 | Killed Aizul
 32876 | Spider:2 | Your ally Marbork died
 32894 | Spider:2 | Your ally Warrok died
 32895 | Spider:2 | Your ally Judas died
 32941 | Spider:2 | Reached skill level 19 in Fighting
 32943 | Spider:2 | Your ally Nordag died
 33614 | Spider:2 | Gained Bogdan as an ally
 33710 | Spider:2 | Noticed Agnes
 33729 | Spider:2 | Killed Agnes
 33742 | Spider:2 | Reached skill level 16 in Armour
 34459 | Spider:3 | Gained Rocco as an ally
 35708 | Spider:3 | Noticed Asterion
 35726 | Spider:3 | Your ally Rocco died
 35728 | Spider:3 | Killed Asterion
 35728 | Spider:3 | Reached XP level 17. HP: 134/168 MP: 29/29
 36284 | Spider:4 | Entered Level 4 of the Spider Nest
 36289 | Spider:4 | Reached skill level 18 in Invocations
 36326 | Spider:4 | Reached skill level 5 in Shields
 37074 | Spider:4 | Your ally Bogdan died
 37237 | Spider:3 | Reached skill level 6 in Shields
 37930 | Spider:3 | HP: 12/169 [meliai/divine providence (14)]
 37935 | Spider:3 | HP: 11/169 [meliai/divine providence (12)]
 38382 | Spider:4 | Reached skill level 7 in Shields
 38484 | Spider:4 | Gained Boghold as an ally
 39218 | Spider:4 | Reached skill level 8 in Shields
 39271 | Spider:4 | Your ally Boghold died
 39585 | Spider:4 | Reached skill level 20 in Fighting
 39667 | Spider:4 | Reached skill level 17 in Armour
 39672 | Spider:4 | Gained Okrist as an ally
 39842 | Spider:4 | Reached skill level 9 in Shields
 40068 | Spider:4 | Gained Alork as an ally
 40787 | Spider:4 | Got a gossamer rune of Zot
 41190 | Shoals:1 | Entered Level 1 of the Shoals
 41367 | Shoals:1 | Reached skill level 10 in Shields
 41933 | Shoals:2 | Reached XP level 18. HP: 150/179 MP: 31/31
 42150 | Shoals:2 | Your ally Okrist died
 43088 | Shoals:3 | Noticed Ilsuiw
 43141 | Shoals:3 | Killed Ilsuiw
 43444 | Shoals:3 | Reached skill level 19 in Invocations
 43773 | Shoals:3 | Found a flickering gateway to a bazaar.
 43779 | Bazaar   | Entered a bazaar
 43793 | Bazaar   | Found Ohikufyfao's Weapon Emporium.
 43793 | Bazaar   | Found Xoplutoc's Jewellery Shoppe.
 43819 | Bazaar   | Found Cinoumull's Gadget Emporium.
 43819 | Bazaar   | Found Irops's Jewellery Shoppe.
 43842 | Bazaar   | Found Jeurchak's Jewellery Emporium.
 43842 | Bazaar   | Found Yreoca's Antique Weapon Shoppe.
 43875 | Bazaar   | Found Deynlir's General Store.
 43875 | Bazaar   | Found Ykenuk's Book Shoppe.
 43934 | Bazaar   | Bought the ring of Ugruipn {Wiz rF+ Str+2} for 530 gold pieces
 44121 | Shoals:3 | Reached skill level 11 in Shields
 44262 | Shoals:4 | Entered Level 4 of the Shoals
 45835 | Shoals:4 | Identified the Handbook of Earthen Self-Improvement
 46426 | Shoals:4 | Identified the +2 ring mail "Tavik" {Str+3} (You found it on level 4 of the Shoals)
 46728 | Shoals:4 | Noticed LiquoriceLizzard's ghost (adept DDFi)
 46893 | Shoals:4 | Killed LiquoriceLizzard's ghost
 46893 | Shoals:4 | Reached skill level 12 in Shields
 47237 | Shoals:4 | Reached skill level 21 in Fighting
 47252 | Shoals:4 | Your ally Alork died
 47265 | Shoals:4 | Got a barnacled rune of Zot
 47662 | Shoals:4 | Reached skill level 18 in Armour
 48947 | Vaults:1 | Entered Level 1 of the Vaults
 49631 | Vaults:1 | Reached XP level 19. HP: 117/189 MP: 32/32
 49637 | Vaults:1 | Reached skill level 13 in Shields
 49840 | Vaults:1 | Gained Bogrim as an ally
 49916 | Vaults:1 | Gained Ugrim as an ally
 50736 | Vaults:1 | Reached skill level 20 in Invocations
 51457 | Vaults:2 | Gained Harm as an ally
 51846 | Vaults:2 | Gained Borgoth as an ally
 51857 | Vaults:2 | Your ally Borgoth died
 51885 | Vaults:2 | Your ally Bogrim died
 52230 | Vaults:2 | Found a staircase to the Crypt.
 52643 | Vaults:2 | Reached skill level 14 in Shields
 52697 | Vaults:2 | Your ally Harm died
 52700 | Vaults:2 | Your ally Ugrim died
 52705 | Vaults:2 | HP: 6/190 [ironheart preserver/dire flail (25)]
 52713 | Vaults:2 | Slain by an ironheart preserver

Vanquished Creatures
  The ghost of LiquoriceLizzard the Peltast, an adept DDFi of Elyvilon (Shoals:4)
  A kraken (Shoals:4)
  A sphinx (Vaults:1)
  5 ghost moths
  3 vault wardens
  3 emperor scorpions
  An ironheart preserver (Vaults:1)
  Aizul (Spider:2)
  3 entropy weavers
  2 deep elf annihilators (Vaults:2)
  Snorg (D:10)
  6 merfolk javelineers (Shoals:4)
  A fire dragon (D:15)
  3 merfolk impalers (Shoals:4)
  A yaktaur captain (Vaults:2)
  2 ogre magi
  The ghost of rrRat the Grappler, a journeyman TrFi of Xom (Orc:1)
  12 hydras
  2 centaur warriors
  3 catoblepae
  An anaconda (Lair:6)
  Erica (D:10)
  A death knight (Vaults:1)
  3 merfolk avatars (Shoals:4)
  12 two-headed ogres
  An alligator snapping turtle (Shoals:4)
  A merfolk aquamancer (Shoals:4)
  2 satyrs
  A deep elf knight (Vaults:2)
  9 death yaks
  2 shadow wraiths (Vaults:1)
  8 sea snakes
  A deep troll (Orc:2)
  A glowing orange brain (shapeshifter) (D:13)
  A glowing orange brain (Vaults:2)
  3 unseen horrors
  4 wizards
  Pikel (D:7)
  A flayed ghost (Vaults:1)
  2 lindwurms (Lair:6)
  An orc knight (Vaults:2)
  8 ugly things
  5 harpies
  An orc sorcerer (Orc:1)
  5 deep elf magi
  21 orb spiders
  An orb spider (shapeshifter) (D:13)
  9 manticores
  26 wolf spiders
  7 fauns
  5 cyclopes
  8 elephants
  3 moths of wrath
  A salamander (shapeshifter) (Vaults:1)
  Maurice (Orc:1)
  2 vault sentinels (Vaults:2)
  2 torpor snails
  9 merfolk sirens
  2 black mambas (Lair:6)
  2 gargoyles
  6 water nymphs
  Joseph (D:7)
  5 spiny frogs
  The ghost of keltmir the Changer, a novice DrTm (D:4)
  10 demonic crawlers
  A freezing wraith (Vaults:2)
  4 rime drakes (Lair:6)
  9 komodo dragons
  15 yaktaurs
  11 polar bears
  30 jumping spiders
  4 meliai
  6 wind drakes
  12 hornets
  7 trolls
  22 merfolk
  Grinder (D:3)
  Prince Ribbit (D:9)
  9 blink frogs
  5 hippogriffs
  A blink frog (shapeshifter) (Vaults:1)
  A raiju (Lair:6)
  14 dream sheep
  4 snapping turtles
  A shadow (D:9)
  5 water elementals
  82 redbacks
  A spriggan (D:8)
  33 tarantellas
  2 basilisks
  3 wraiths
  2 wyverns
  40 yaks
  A basilisk (shapeshifter) (Vaults:2)
  Eustachio (D:5)
  3 vampire mosquitoes (Spider:4)
  3 hungry ghosts
  9 wargs
  9 water moccasins
  3 acid dragons
  16 hell hounds (Lair:6)
  7 porcupines
  8 orc warriors
  3 ice beasts
  4 phantoms
  13 black bears
  The ghost of Irenicus the Chopper, an amateur DDMo (D:3)
  4 boggarts (Vaults:1)
  An eye of draining (D:9)
  16 ogres
  9 centaurs
  13 wolves (Lair:6)
  14 crocodiles
  2 big kobolds
  17 bullfrogs
  A wyvern zombie (D:9)
  A gnoll sergeant (D:5)
  A wyvern skeleton (D:12)
  4 scorpions
  8 killer bees
  11 wights
  An electric eel (Lair:4)
  A howler monkey (D:4)
  10 crimson imps
  2 centaur zombies
  5 hounds
  A quasit (D:10)
  3 bullfrog zombies
  2 orc priests (D:8)
  2 jellies
  3 centaur skeletons
  A gnoll shaman (D:5)
  5 iguanas
  Jessica (D:3)
  A bullfrog skeleton (D:4)
  Natasha (thrice) (D:3)
  9 worker ants
  7 orc wizards
  A hound zombie (D:3)
  2 hound skeletons
  A howler monkey zombie (D:5)
  A howler monkey skeleton (D:10)
  2 worker ant zombies
  A river rat (D:4)
  19 adders
  8 gnolls (D:4)
  2 shadow imps
  2 oozes
  An adder zombie (D:4)
  An adder skeleton (D:3)
  4 worms
  4 dart slugs
  7 leopard geckos
  24 orcs
  5 bats
  8 giant cockroaches
  8 goblins
  7 hobgoblins
  18 jackals
  A quokka (D:2)
  4 ball pythons
  8 frilled lizards
  24 kobolds
  A quokka skeleton (D:5)
  10 rats
  5 plants
  A tentacle (Shoals:3)
997 creatures vanquished.

Vanquished Creatures (collateral kills)
  Asterion (Spider:3)
  A kraken (Shoals:3)
  Ilsuiw (Shoals:3)
  Agnes (Spider:2)
  A tengu reaver (Vaults:2)
  A revenant (Vaults:2)
  A deep elf sorcerer (Vaults:2)
  A vault warden (Vaults:2)
  2 emperor scorpions (Spider:3)
  An ironheart preserver (Vaults:1)
  2 stone giants (Vaults:2)
  An entropy weaver (Spider:3)
  Azrael (Spider:2)
  2 spark wasps (Spider:4)
  A merfolk javelineer (Shoals:4)
  A fire dragon (Vaults:2)
  3 merfolk impalers
  2 ice dragons
  A hydra (D:15)
  A vault guard (Vaults:2)
  An alligator snapping turtle (Shoals:4)
  2 centaur warriors
  10 two-headed ogres
  A merfolk aquamancer (Shoals:4)
  An anaconda (shapeshifter) (Vaults:2)
  4 ogre magi
  A deep elf knight (Vaults:2)
  An unseen horror (D:15)
  A skeletal warrior (Vaults:2)
  A deep troll (Orc:2)
  6 harpies
  A wizard (Vaults:2)
  2 deep elf archers (Vaults:2)
  2 ironbrand convokers
  4 sea snakes
  4 orc knights
  A phantasmal warrior (Vaults:2)
  6 orb spiders
  A deep elf mage (Vaults:2)
  12 ugly things
  2 manticores (Shoals:4)
  2 fauns
  16 wolf spiders
  3 cyclopes
  A water nymph (Shoals:2)
  A centaur zombie (D:10)
  A gargoyle (D:15)
  A komodo dragon (D:14)
  A yaktaur (shapeshifter) (D:13)
  2 centaur skeletons
  3 freezing wraiths
  A redback zombie (D:15)
  17 yaktaurs
  4 demonic crawlers
  2 meliai (D:15)
  7 trolls
  15 jumping spiders
  7 merfolk
  6 slime creatures (Vaults:2)
  2 hornets
  3 hippogriffs
  2 snapping turtles
  2 dream sheep (Shoals:1)
  25 redbacks
  17 tarantellas
  3 water elementals (Shoals:4)
  3 wraiths
  2 yaks (D:12)
  A wyvern (D:14)
  6 fire elementals (Spider:2)
  A vampire mosquito (Spider:4)
  2 wargs
  A black bear (D:12)
  4 orc warriors
  A black bear (shapeshifter) (D:15)
  An ice beast (D:8)
  A necrophage (D:14)
  5 centaurs
  18 ogres
  A crocodile (D:13)
  A big kobold (D:9)
  A bullfrog (D:15)
  A killer bee (D:10)
  5 wights
  2 howler monkeys (D:13)
  A crimson imp (D:15)
  2 quasits
  A hound (D:13)
  3 orc wizards (Orc:2)
  A jelly (D:14)
  An iguana (D:10)
  3 worker ants
  2 adders
  3 orcs
  4 kobolds
  A fungus (Lair:4)
  9 plants
  A tentacle (Shoals:3)
323 creatures vanquished.

Vanquished Creatures (others)
  2 orc warlords
  2 orc sorcerers (Spider:4)
  9 orc knights
  A deep elf mage (Vaults:2)
  18 orc warriors
  A redback (Spider:1)
  2 slaves (D:7)
  An ogre (D:7)
  A centaur (D:7)
  9 orc priests
  8 orc wizards
  31 orcs
  17 fungi
  24 plants
  10 tentacles
136 creatures vanquished.

Grand Total: 1456 creatures vanquished
